 Dungeon Crawl Stone Soup version 0.31.0-1-g2c135a0 (webtiles) character file.

Game seed: 6305459246495871514

35 Dungeoncoin98 the Shield-Bearer (level 3, 0/24 HPs)
             Began as a Gargoyle Fighter on Mar 2, 2024.
             Slain by an adder (3 damage)
             ... on level 3 of the Dungeon.
             The game lasted 00:14:06 (808 turns).

Dungeoncoin98 the Shield-Bearer (Gargoyle Fighter)   Turns: 808, Time: 00:14:06

Health: 0/24       AC: 10    Str: 21    XL:     3   Next: 35%
Magic:  3/3        EV: 10    Int:  8    God:
Gold:   95         SH:  0    Dex:  9    Spells: 2/2 levels left

rFire   . . .        a - +0 rapier
rCold   . . .        (no shield)
rNeg    + . .        b - +0 scale mail
rPois   ∞            (no helmet)
rElec   +            (no cloak)
rCorr   .            (no gloves)
SInv    .            (no boots)
Will    .....        (no amulet) Stlth
                     (no ring)
HPRegen 0.24/turn    (no ring)
MPRegen 0.08/turn

%: no passive effects
@: no status effects
A: sickness immunity, AC +3, negative energy resistance 1, electricity
resistance, torment resistance 1, petrification resistance
a: no special abilities


You were on level 3 of the Dungeon.
You visited 1 branch of the dungeon, and saw 3 of its levels.

You collected 95 gold pieces.

Inventory:

Hand Weapons
 a - a +0 rapier (weapon)
 e - a +0 dagger
 j - a +0 club
 k - a +0 club
 m - a +0 dagger
Missiles
 f - 2 stones
Armour
 b - a +0 scale mail (worn)
 c - a +0 buckler
 g - a +0 scale mail
 n - a +0 barding
Jewellery
 d - a ring of ice
Scrolls
 h - 2 scrolls of teleportation (quivered) {unknown}
 i - a scroll of revelation {unknown}
Potions
 l - a potion of enlightenment {unknown}


   Skills:
 + Level 3.7 Fighting
 + Level 1.9 Short Blades
 + Level 3.4 Armour
 + Level 1.0 Dodging
 + Level 0.4 Stealth
 + Level 3.7 Shields


You had 2 spell levels left.
You didn't know any spells.
Your spell library contained the following spells:

 Spells                   Type           Power      Damage    Failure   Level
 Inner Flame              Hex/Fire       0%         N/A       98%         3
 Irradiate                Conj/Alch      0%         3d11      100%        5
 Ignition                 Fire           0%         3d3       100%        8


Dungeon Overview and Level Annotations

Branches:
Dungeon (3/15)

Altars:

Annotations:
D:3 Sigmund


Innate Abilities, Weirdness & Mutations

You are immune to sickness and miasma.
Your stone body is resilient. (AC +3)
You are immune to poison.
You resist negative energy. (rN+)
You are resistant to electric shocks. (rElec)
You are resistant to unholy torment.
You are immune to petrification.


Message History

The adder bites you but does no damage. x2; Sigmund hits you with a +0 scythe.
The adder barely misses you. The adder bites you but does no damage.
You hit Sigmund.
Sigmund is moderately wounded.
The adder completely misses you. The adder bites you.
Sigmund hits you but does no damage.
You hit Sigmund.
Sigmund is heavily wounded.
The adder bites you. The adder closely misses you.
A quokka comes into view.
The adder closely misses you. x2; Sigmund hits you but does no damage.
You hit the adder.
The adder is lightly wounded.
The adder bites you but does no damage. x2
You miss the adder.
The adder is lightly wounded.
The adder bites you but does no damage. x2
Sigmund hits you but does no damage. The adder barely misses you.
The adder closely misses you.
You hit Sigmund but do no damage.
Sigmund is heavily wounded.
The adder bites you. The adder barely misses you.
Sigmund hits you but does no damage.
You hit Sigmund.
Sigmund is heavily wounded.
The adder bites you but does no damage. x3; The adder barely misses you.
Sigmund hits you but does no damage.
You hit Sigmund. Your punch misses Sigmund.
Sigmund is heavily wounded.
The adder closely misses you. The adder barely misses you.
The quokka barely misses you.
You barely miss Sigmund.
Sigmund is heavily wounded.
The adder bites you. x2
Sigmund casts a spell at you. The puff of flame hits you.
* * * LOW HITPOINT WARNING * * *
The quokka bites you but does no damage.
The adder bites you.
You die...

###########
..........
.........#
.........#
.......@.#
......S@r######
......S........
.........######
.........#
...........
###..#####..$
#.$. .### #...
# #..


You could see Sigmund, 2 adders and a quokka.

Vanquished Creatures
  An adder (D:2)
  2 dart slugs (D:1)
  4 ball pythons (D:1)
  3 endoplasms
  A giant cockroach (D:1)
  A goblin (D:1)
  2 hobgoblins (D:1)
  A quokka (D:1)
  A bat (D:1)
  3 frilled lizards (D:1)
  3 kobolds (D:1)
  A rat (D:1)
23 creatures vanquished.

Notes
Turn   | Place    | Note
-------+----------+-------------------------------------------
     0 | D:1      | Dungeoncoin98 the Gargoyle Fighter began the quest for the
                  | Orb.
     0 | D:1      | Reached XP level 1. HP: 14/14 MP: 1/1
   139 | D:1      | Reached XP level 2. HP: 14/20 MP: 2/2
   347 | D:2      | Reached XP level 3. HP: 24/24 MP: 3/3
   424 | D:1      | Reached skill level 1 in Dodging
   794 | D:3      | Noticed Sigmund
   808 | D:3      | Slain by an adder

Illustrated notes

Levels and vault maps discovered:
D:1:      ncdulo_watergridlock, layout_basic, st_stairs_6, nrook_loot_triangle,
          minmay_distorted
D:2:      layout_basic, basic_altar, grunt_ministairs_1,
          guppyfry_early_lair_pool
D:3:      layout_rooms, nicolae_overflow_crystal_walls,
          shapermc_ecumenical_altar_acropolis, serial_shops, shop, uniq_sigmund,
          uniq_terence

Skill      XL: |  1  2  3 |
---------------+----------+-----
Dodging        | 1 |  1.0
Fighting       | |  3.7
Short Blades   | |  1.9
Armour         | |  3.4
Stealth        | |  0.4
Shields        | |  3.7

Action                     || total
---------------------------++-------
  Melee: Rapier            ||    97
         Dagger            ||    19
         Punch             ||     1
    Use: Potion            ||     2
 Armour: Scale mail        ||   151
  Dodge: Dodged            ||   108
  Block: Buckler           ||     7
